AoeStats
← Thomaz987

Black Forest

503133544Analyzed
2v2 RM · 1mo ago on Aug 30, 2026· 55m 37s· 4 players
Game mode
Random Map
Map size
Medium (4 player)
Population
200
Speed
Normal
Resources
Standard
Victory
Conquest
Starting age
Dark Age
Ending age
Imperial Age
RankedLock teamsTeams togetherTeam positionsShared explorationLock speedFull tech treeHidden civsTurbo modeCheats
Victory
Defeat
🇩🇪 Britons · Germany
876
+15
🇹🇷 Goths · Türkiye
859
+16
🇦🇺 Vietnamese · Australia
858
-42
🇦🇺 Khmer · Australia
858
-42
soren_max
9:26 Loom
12:20 Feudal Age
12:48 Double-Bit Axe
12:45 Horse Collar
19:32 Castle Age
18:28 Fletching
19:23 Town Watch
19:49 Crossbowman
20:55 Heavy Plow
21:08 Bow Saw
22:29 Gold Mining
24:35 Bodkin Arrow
30:10 Town Patrol
30:46 Wheelbarrow
30:41 Scale Barding Armor
30:47 Forging
31:43 Stone Mining
32:13 Hand Cart
31:33 Light Cavalry
32:23 Bloodlines
32:17 Husbandry
32:27 Bloodlines
33:34 Chain Barding Armor
33:50 Iron Casting
35:34 Bloodlines
35:33 Padded Archer Armor
38:08 Imperial Age
38:36 Ballistics
37:56 Treadmill Crane
38:12 Murder Holes
38:34 Thumb Ring
38:27 Arbalester
39:55 Thumb Ring
41:43 Leather Archer Armor
41:28 Bracer
43:59 Hoardings
44:55 Elite Skirmisher
47:29 Chemistry
48:54 Two-Man Saw
47:37 Imperial Skirmisher
49:51 Siege Engineers
51:54 Plate Barding Armor
51:52 Ring Archer Armor
Thomaz987
12:25 Feudal Age
15:03 Scale Barding Armor
16:05 Wheelbarrow
15:34 Double-Bit Axe
20:03 Bloodlines
20:08 Forging
21:11 Gold Mining
25:49 Castle Age
23:36 Town Watch
23:42 Horse Collar
24:44 Stone Mining
25:01 Loom
26:03 Light Cavalry
26:46 Husbandry
27:28 Hand Cart
29:09 Chain Barding Armor
29:27 Iron Casting
30:21 Stone Shaft Mining
30:24 Gold Shaft Mining
29:56 Heavy Plow
30:11 Bow Saw
31:29 Town Patrol
37:50 Imperial Age
38:07 Imperial Age
BOT MUSTI
14:12 Feudal Age
18:18 Castle Age
17:01 Double-Bit Axe
17:13 Horse Collar
19:31 Stone Mining
20:02 Heavy Plow
23:02 Wheelbarrow
22:14 Loom
23:14 Town Watch
25:07 Hand Cart
25:23 Ballistics
24:55 Gold Mining
30:36 Gold Shaft Mining
30:18 Caravan
30:30 Crossbowman
31:11 Fletching
31:21 Padded Archer Armor
32:23 Squires
31:43 Pikeman
33:15 Devotion
33:11 Herbal Medicine
33:37 Sanctity
36:46 Imperial Age
35:04 Town Patrol
35:43 Bodkin Arrow
36:03 Leather Archer Armor
35:59 Forging
35:49 Scale Mail Armor
36:49 Coinage
38:39 Halberdier
39:45 Faith
39:51 Illumination
40:02 Theocracy
39:42 Block Printing
39:46 Elite Longbowman
40:47 Yeomen
41:11 Capped Ram
41:36 Elite Longbowman
41:49 Arbalester
42:42 Bracer
43:12 Ring Archer Armor
43:48 Chemistry
52:36 Warwolf
52:57 Conscription
52:08 Sappers
54:33 Spies/Treason
FrostKnight
7:20 Loom
14:34 Feudal Age
17:40 Double-Bit Axe
20:36 Castle Age
21:20 Wheelbarrow
20:59 Scale Barding Armor
20:55 Scale Mail Armor
21:08 Forging
22:48 Pikeman
23:29 Squires
25:14 Chain Mail Armor
24:51 Horse Collar
26:43 Bow Saw
26:26 Gold Mining
26:34 Stone Mining
29:24 Iron Casting
30:06 Hand Cart
30:47 Heavy Plow
30:56 Scale Barding Armor
36:50 Imperial Age
37:03 Imperial Age
35:56 Caravan
36:27 Coinage
37:31 Halberdier
39:44 Blast Furnace
39:05 Chain Barding Armor
41:47 Banking
41:28 Guilds
41:35 Perfusion
42:07 Anarchy
43:23 Conscription
42:52 Elite Huskarl
48:44 Fletching
48:54 Padded Archer Armor
48:31 Sappers
Connection lost

Rejoining the realm…

Still unreachable

The connection could not be restored.

Session expired

The server has moved on; the page needs a fresh start.